 Dungeon Sprint DCSS version 0.23.2-1-ga50397a (webtiles) character file.

Game seed: 17863150168992992665

15171 wilfster70 the Severer (level 11, -15/112 HPs)
             Began as a Minotaur Fighter on May 24, 2019.
             Was an Initiate of Gozag.
             Demolished by Aizul (39 damage)
             ... in the Dungeon (Sprint IX: "|||||||||||||||||||||||||||||").
             The game lasted 00:11:21 (3164 turns).

wilfster70 the Severer (Minotaur Fighter)           Turns: 3164, Time: 00:11:21

Health: -15/112    AC: 22    Str: 25    XL:     11   Next: 98%
Magic:  13/13      EV: 19    Int:  9    God:    Gozag
Gold:   620        SH:  0    Dex:  8    Spells: 10/10 levels left

rFire    . . .     SeeInvis .   y - +2 broad axe (freeze)
rCold    + + +     Gourm    .   s - +1 large shield
rNeg     + . .     Faith    .   c - +2 plate armour
rPois    .         Spirit   .   (helmet restricted)
rElec    .         Reflect  .   p - +0 cloak
rCorr    .         Harm     .   u - +0 pair of gloves
MR       .....     NoTele   +   (no boots)
Stlth    ..........             (no amulet)
HPRegen  0.28/turn              z - ring of Phasing {EV+8}
MPRegen  0.13/turn              C - ring "Rureimn" {rC+++ rN+ Str+3 Int+4 Dex-4}

@: lethally poisoned (-15 -> -25), sleeping
A: retaliatory headbutt, horns 2
a: Potion Petition, Call Merchant, Bribe Branch, Renounce Religion


You were in the Dungeon.
You worshipped Gozag.
Gozag was pleased with you.
You were hungry.

You visited 1 branch You collected 9075 gold pieces.
You spent 4135 gold pieces at shops.
You paid 4320 gold pieces to Gozag.

Inventory:

Hand Weapons
 a - a +5 broad axe of chopping
 b - a +2 morningstar of crushing
 y - a +2 broad axe of freezing (weapon)
Armour
 c - a +2 plate armour (worn)
 p - a +0 cloak (worn)
 r - a +0 pair of boots of flying
 s - a +1 large shield (worn)
 u - a +0 pair of gloves (worn)
Jewellery
 z - the ring of Phasing (left hand) {EV+8}
   (You bought it in a shop in the Dungeon)

   [ring of evasion]

   It affects your evasion (+8).
 B - an uncursed ring of protection from magic
 C - the ring "Rureimn" (right hand) {rC+++ rN+ Str+3 Int+4 Dex-4}
   (You bought it in a shop in the Dungeon)

   [ring of intelligence]

   It affects your strength (+3).
   It affects your intelligence (+4).
   It affects your dexterity (-4).
   It renders you almost immune to cold.
   It protects you from negative energy.
 D - an uncursed ring of see invisible
Wands
 l - a wand of acid (10)
Scrolls
 k - 3 scrolls of blinking
 n - 5 scrolls of remove curse
 o - 2 scrolls of amnesia
 t - 4 scrolls of identify
 v - 2 scrolls of fog
Potions
 d - 3 potions of might
 e - 10 potions of curing
 g - 8 potions of heal wounds
 h - 4 potions of haste
 i - 4 potions of magic
 j - a potion of berserk rage
 m - 2 potions of invisibility
 q - a potion of brilliance
 w - 2 potions of resistance
 x - a potion of agility
 A - a potion of mutation
Comestibles
 f - 18 rations


   Skills:
 + Level 15.1 Fighting
 - Level 18.0 Axes
 + Level 15.0 Armour
 + Level 13.4 Dodging
 * Level 16.0 Shields
 + Level 4.5 Evocations


You had 10 spell levels left.
You didn't know any spells.
Your spell library was empty.

Dungeon Overview and Level Annotations

Branches:
Dungeon (1/1)

Altars:
Cheibriados
Dithmenos
Elyvilon
Fedhas
Gozag
Hepliaklqana
Kikubaaqudgha
Makhleb
Nemelex Xobeh
Okawaru
Qazlal
Ru
Sif Muna
Trog
Uskayaw
Vehumet
Wu Jian
Xom
Yredelemnul
Zin
The Shining One
Beogh
Jiyva
Lugonu

Shops:
D }[=%!(:(

Annotations:
D Aizul


Innate Abilities, Weirdness & Mutations

You reflexively headbutt those who attack you in melee.
You have a pair of horns on your head.


Message History

You closely miss Aizul. Your headbutt misses Aizul.
Aizul is severely wounded.
You feel sick. Aizul casts a spell at you.
You barely resist. You miss Aizul. Your headbutt misses Aizul.
Aizul is severely wounded.
You feel sick. You block Aizul's attack.
You slash Aizul! You freeze Aizul.
Aizul is almost dead.
You feel sick. You block Aizul's attack.
Your shield and plate armour prevent you from hitting Aizul.
Aizul is almost dead.
You feel sick.
Aizul says, "I wasn't actually sleeping!"
Aizul coils herself and waves her upper body at you.
You fall asleep.
You feel sick. Aizul hits you!!!
You die...
Your body crumbles into a pile of gold.

.................................
▓▓▓▓▓▓▓▓▓▓▓▓▓▓▓▓▓▓▓▓▓▓▓▓▓▓▓▓▓▓▓▓▓
))))))....))))))∩.∩[∩[∩.∩...'....
▓▓▓▓▓▓▓▓▓▓▓▓▓▓▓▓▓▓▓▓▓▓▓▓▓▓▓▓▓▓▓▓▓
)................................
▓▓▓▓▓▓▓▓▓▓▓▓▓▓▓▓▓▓▓▓▓▓▓▓▓▓▓▓▓▓▓▓▓
[[.........('.(∩....[((.....'....
▓▓▓▓▓▓▓▓▓▓▓▓▓▓▓▓▓▓▓▓▓▓▓▓▓▓▓▓▓▓▓▓▓
......S@................
♣♣♣♣♣♣▓▓▓▓▓▓▓▓▓▓▓▓▓▓▓▓▓▓


You could see Aizul.

Vanquished Creatures
  2 very ugly things (D)
  An ice dragon (D)
  A fire crab (D)
  An orc knight (D)
  An ugly thing (D)
  A deep elf mage (D)
  4 orc sorcerers (D)
  A cyclops (D)
  A guardian serpent (shapeshifter) (D)
  A black mamba (D)
  A gargoyle (D)
  5 spiny frogs (D)
  A komodo dragon (D)
  2 yaktaurs (D)
  3 tyrant leeches (D)
  A polar bear (D)
  3 blink frogs (D)
  3 hippogriffs (D)
  3 yaks (D)
  3 basilisks (D)
  2 vampire mosquitoes (D)
  Grum (D)
  2 water moccasins (D)
  An acid dragon (D)
  7 orc warriors (D)
  A porcupine (D)
  A phantom (D)
  2 wolves (D)
  2 centaurs (D)
  A crocodile (D)
  3 bullfrogs (D)
  2 crimson imps (D)
  A quasit (D)
  16 orc wizards (D)
  6 orc priests (D)
  A gnoll shaman (D)
  An iguana (D)
  An adder (D)
  An adder zombie (D)
  A leopard gecko (D)
  6 orcs (D)
  A bat zombie (D)
  A frilled lizard (D)
  2 kobolds (D)
  A rat (D)
103 creatures vanquished.

Vanquished Creatures (others)
  A spatial maelstrom (D)
  A sky beast (D)
2 creatures vanquished.

Grand Total: 105 creatures vanquished

Notes
Turn   | Place    | Note
-------+----------+-------------------------------------------
     0 | D        | wilfster70 the Minotaur Fighter began the quest for the
                  | Orb.
     0 | D        | Reached XP level 1. HP: 19/19 MP: 0/0
     4 | D        | Reached skill level 3 in Axes
     5 | D        | Reached skill level 1 in Dodging
     6 | D        | Banished a spatial maelstrom
    16 | D        | Noticed an orc wizard
    16 | D        | Noticed a centaur
    16 | D        | Noticed a crimson imp
    16 | D        | Noticed a centaur
    19 | D        | Killed an orc wizard
    19 | D        | Reached skill level 4 in Axes
    19 | D        | Reached XP level 2. HP: 24/28 MP: 1/1
    19 | D        | Reached XP level 3. HP: 29/34 MP: 2/2
    27 | D        | Killed a centaur
    27 | D        | Reached skill level 5 in Fighting
    27 | D        | Reached skill level 6 in Axes
    27 | D        | Reached skill level 5 in Armour
    27 | D        | Reached skill level 5 in Shields
    27 | D        | Reached XP level 4. HP: 25/44 MP: 3/3
    30 | D        | Killed a centaur
    30 | D        | Reached skill level 8 in Axes
    30 | D        | Reached XP level 5. HP: 21/51 MP: 4/4
    37 | D        | Reached skill level 5 in Dodging
   217 | D        | Found a roughly hewn altar of Beogh.
   217 | D        | Found a snail-covered altar of Cheibriados.
   217 | D        | Found a shadowy altar of Dithmenos.
   217 | D        | Found a white marble altar of Elyvilon.
   217 | D        | Found a blossoming altar of Fedhas.
   217 | D        | Found an opulent altar of Gozag.
   218 | D        | Found a hazy altar of Hepliaklqana.
   219 | D        | Found a viscous altar of Jiyva.
   220 | D        | Found an ancient bone altar of Kikubaaqudgha.
   221 | D        | Found a corrupted altar of Lugonu.
   222 | D        | Found a burning altar of Makhleb.
   223 | D        | Found a sparkling altar of Nemelex Xobeh.
   224 | D        | Found an iron altar of Okawaru.
   225 | D        | Became a worshipper of Gozag Ym Sagoz the Greedy
   226 | D        | Found a stormy altar of Qazlal.
   227 | D        | Found a sacrificial altar of Ru.
   228 | D        | Found a deep blue altar of Sif Muna.
   229 | D        | Found a bloodstained altar of Trog.
   230 | D        | Found a hide-covered altar of Uskayaw.
   231 | D        | Found a radiant altar of Vehumet.
   232 | D        | Found an ornate altar of the Wu Jian Council.
   233 | D        | Found a shimmering altar of Xom.
   234 | D        | Found a basalt altar of Yredelemnul.
   235 | D        | Found a glowing silver altar of Zin.
   236 | D        | Found a glowing golden altar of the Shining One.
   299 | D        | Noticed a water moccasin
   299 | D        | Noticed a yak
   306 | D        | Killed a water moccasin
   306 | D        | Reached skill level 9 in Axes
   306 | D        | Reached XP level 6. HP: 53/60 MP: 5/5
   320 | D        | Killed a yak
   320 | D        | Reached skill level 10 in Axes
   320 | D        | Reached XP level 7. HP: 50/68 MP: 6/6
   408 | D        | Noticed a gargoyle
   408 | D        | Noticed a vampire mosquito
   411 | D        | Reached skill level 11 in Axes
   422 | D        | Killed a gargoyle
   425 | D        | Killed a vampire mosquito
   425 | D        | Reached skill level 12 in Axes
   425 | D        | Reached XP level 8. HP: 18/78 MP: 7/7
   824 | D        | Noticed a hippogriff
   824 | D        | Noticed a spiny frog
   827 | D        | Killed a hippogriff
   829 | D        | Noticed a black mamba
   831 | D        | Noticed a spiny frog
   833 | D        | Reached skill level 10 in Fighting
   833 | D        | Reached skill level 10 in Armour
   834 | D        | Noticed a blink frog
   836 | D        | Reached skill level 13 in Axes
   836 | D        | Reached skill level 10 in Shields
   849 | D        | Killed a spiny frog
   852 | D        | Killed a blink frog
   852 | D        | Reached XP level 9. HP: 47/86 MP: 8/8
   864 | D        | Killed a black mamba
   864 | D        | Reached skill level 14 in Axes
   868 | D        | Killed a spiny frog
  1251 | D        | Noticed a spiny frog
  1251 | D        | Noticed a polar bear
  1251 | D        | Noticed a spiny frog
  1254 | D        | Noticed a komodo dragon
  1263 | D        | Killed a spiny frog
  1263 | D        | Reached skill level 15 in Axes
  1263 | D        | Reached skill level 10 in Dodging
  1271 | D        | Killed a polar bear
  1272 | D        | Noticed a fire crab
  1275 | D        | Killed a spiny frog
  1275 | D        | Reached XP level 10. HP: 72/97 MP: 9/9
  1286 | D        | Killed a fire crab
  1286 | D        | Reached skill level 16 in Axes
  1623 | D        | Bought a ration for 65 gold pieces
  1623 | D        | Bought a ration for 65 gold pieces
  1623 | D        | Bought a ration for 65 gold pieces
  1623 | D        | Bought a ration for 65 gold pieces
  1623 | D        | Bought a ration for 65 gold pieces
  1623 | D        | Bought a ration for 65 gold pieces
  1623 | D        | Bought a ration for 65 gold pieces
  1623 | D        | Bought a ration for 65 gold pieces
  1629 | D        | Noticed a spiny frog
  1633 | D        | Killed a spiny frog
  2071 | D        | Reached skill level 17 in Axes
  2164 | D        | Noticed an orc knight
  2189 | D        | Killed an orc knight
  2196 | D        | Reached XP level 11. HP: 48/107 MP: 10/10
  2421 | D        | Found Eckenitz's Food Emporium.
  2421 | D        | Noticed an orc sorcerer
  2421 | D        | Noticed an orc sorcerer
  2431 | D        | Killed an orc sorcerer
  2432 | D        | Found Pamext's Distillery.
  2441 | D        | Found Dilay's Antique Weapon Emporium.
  2442 | D        | Killed an orc sorcerer
  2447 | D        | Found Beghot's Book Shoppe.
  2447 | D        | Noticed an orc sorcerer
  2448 | D        | Noticed an orc sorcerer
  2453 | D        | Killed an orc sorcerer
  2453 | D        | Reached skill level 18 in Axes
  2463 | D        | Killed an orc sorcerer
  2516 | D        | Bought 2 potions of curing for 66 gold pieces
  2516 | D        | Bought a potion of curing for 33 gold pieces
  2516 | D        | Bought a potion of might for 44 gold pieces
  2516 | D        | Bought a potion of invisibility for 88 gold pieces
  2516 | D        | Bought a potion of curing for 33 gold pieces
  2516 | D        | Bought 2 potions of heal wounds for 110 gold pieces
  2516 | D        | Bought a potion of haste for 110 gold pieces
  2516 | D        | Bought a potion of curing for 33 gold pieces
  2516 | D        | Bought a potion of resistance for 110 gold pieces
  2516 | D        | Bought a potion of agility for 44 gold pieces
  2518 | D        | Bought a glowing broad axe for 161 gold pieces
  2570 | D        | Noticed Grum
  2578 | D        | Killed Grum
  2739 | D        | Noticed a deep elf mage
  2742 | D        | Reached skill level 1 in Evocations
  2744 | D        | Noticed a purple very ugly thing
  2765 | D        | Killed a purple very ugly thing
  2767 | D        | Noticed a white very ugly thing
  2773 | D        | Noticed an ice dragon
  2787 | D        | Noticed a white ugly thing
  2789 | D        | Killed a white very ugly thing
  2789 | D        | Reached skill level 15 in Shields
  2793 | D        | Killed a deep elf mage
  2815 | D        | Killed an ice dragon
  2822 | D        | Reached skill level 15 in Fighting
  2824 | D        | Reached skill level 15 in Armour
  2827 | D        | Killed a white ugly thing
  3084 | D        | Bought the ring "Rureimn" {rC+++ rN+ Str+3 Int+4 Dex-4} for
                  | 924 gold pieces
  3087 | D        | Bought the ring of Phasing {EV+8} for 1664 gold pieces
  3087 | D        | Found the ring of Phasing {EV+8}
  3095 | D        | Bought an uncursed ring of see invisible for 195 gold
                  | pieces
  3137 | D        | Noticed Aizul
  3164 | D        | Demolished by Aizul

Skill      XL: |  1  2  3  4  5  6  7  8  9 10 11 |
---------------+----------------------------------+-----
Axes           | 4 6 8 9 10 12 13 15 17 18 | 18.0
Dodging        | 2 3 4 5 6 7 9 10 11 13 | 13.4
Fighting       | 4 5 6 7 8 9 10 11 13 15 | 15.1
Armour         | 4 5 6 7 8 9 10 12 13 15 | 15.0
Shields        | 4 5 6 7 8 9 10 11 13 16 | 16.0
Evocations     | 4 |  4.5

Action                   |  1- 3 |  4- 6 |  7- 9 | 10-12 || total
-------------------------+-------+-------+-------+-------++-------
Melee: War axe           |    17 |     9 |       |       ||    26
       Headbutt          |     6 |     2 |    16 |    60 ||    84
       Broad axe         |       |    18 |    82 |   250 ||   350
Invok: Potion Petition   |       |       |     1 |       ||     1
       Call Merchant     |       |       |       |     5 ||     5
  Use: Scroll            |       |       |     4 |       ||     4
       Potion            |       |       |       |     4 ||     4
 Stab: Distracted        |       |       |     2 |     3 ||     5
  Eat: Ration            |       |       |     1 |     1 ||     2
Armor: Scale mail        |     6 |     6 |       |       ||    12
       Chain mail        |       |     4 |    19 |    16 ||    39
       Plate armour      |       |       |       |    13 ||    13
Dodge: Dodged            |     7 |    12 |    16 |    30 ||    65
Block: Shield            |     9 |    10 |    38 |    51 ||   108
       Large shield      |       |       |       |    45 ||    45
